 Dungeon Crawl Stone Soup version 0.19-a0-1065-gdac414d (webtiles) character file.

646 Gagarin the Sneak (level 7, -2/45 HPs)
             Began as an Octopode Fire Elementalist on Aug 3, 2016.
             Engulfed by a cloud of freezing vapour (12 damage)
             ... on level 5 of the Dungeon.
             The game lasted 00:17:05 (5762 turns).

Gagarin the Sneak (Octopode Fire Elementalist)      Turns: 5762, Time: 00:17:05

Health: -2/45      AC:  1    Str:  8    XL:     7   Next: 52%
Magic:  11/11      EV: 14    Int: 19    God:
Gold:   110        SH:  0    Dex: 12    Spells: 3 memorised, 4 levels left

rFire  + . .     SeeInvis .     e - +1 whip (vamp)
rCold  + . .     Gourm    .     (no shield)
rNeg   . . .     Faith    .     (helmet restricted)
rPois  .         Spirit   .     (no amulet)
rElec  .         Dismiss  .     j - ring of protection from fire
rCorr  .         Reflect  .     k - ring of wizardry
SustAt .         Harm     .     m - ring of protection from cold
MR     .....                    v - ring of wizardry
Stlth  ++++......               (no ring)
                                (no ring)
                                (no ring)
                                (no ring)

@:
A: almost no armour, amphibious, 8 rings, constrict 8, camouflage 1, gelatinous
body 1
a: no special abilities


You were on level 5 of the Dungeon.
You were not hungry.

You visited 1 branch of the dungeon, and saw 5 of its levels.

You collected 200 gold pieces.
You spent 90 gold pieces at shops.

Inventory:

Hand Weapons
 e - a +1 vampiric whip (weapon)
 D - a +0 greatsling
Missiles
 s - 21 poisoned needles
Jewellery
 j - a ring of protection from fire (left tentacle)
 k - a ring of wizardry (right tentacle)
 m - a ring of protection from cold (on tentacle)
 v - a ring of wizardry (on tentacle)
Wands
 w - a wand of flame (24/48)
 B - a wand of polymorph (8/24)
Scrolls
 d - 4 scrolls of blinking
 h - 2 scrolls of random uselessness {unknown}
 i - 8 scrolls of identify
 l - 3 scrolls of remove curse
 n - a scroll of enchant weapon {unknown}
 o - 2 scrolls of teleportation {unknown}
 u - 2 scrolls of recharging {unknown}
 z - a scroll of magic mapping {unknown}
 C - a scroll of amnesia {unknown}
Potions
 f - 5 potions of curing
 q - 2 potions of resistance {unknown}
 t - a potion of heal wounds {unknown}
 x - a potion of lignification {unknown}
Books
 a - a book of Flames

   Spells                             Type                      Level
   a - Flame Tongue                   Conjuration/Fire             1
   b - Throw Flame                    Conjuration/Fire             2
   c - Conjure Flame                  Conjuration/Fire             3
   d - Inner Flame                    Hexes/Fire                   3
   e - Sticky Flame                   Conjuration/Fire             4
   f - Fireball                       Conjuration/Fire             5
 c - a book of Changes

   Spells                             Type                      Level
   a - Beastly Appendage              Transmutation                1
   b - Sticks to Snakes               Transmutation                2
   c - Spider Form                    Transmutation/Poison         3
   d - Ice Form                       Ice/Transmutation            4
   e - Blade Hands                    Transmutation                5
Comestibles
 b - 2 beef jerkies
 g - 4 bread rations
 p - a meat ration
 r - 2 fruits
 A - 4 chunks of flesh


   Skills:
 + Level 2.0 Fighting
 + Level 1.9 Maces & Flails
 + Level 3.8 Dodging
 + Level 6.2 Stealth
 + Level 3.3 Spellcasting
 + Level 2.4 Conjurations
 + Level 4.4 Fire Magic


You had 4 spell levels left.
You knew the following spells:

 Your Spells              Type           Power        Failure   Level  Hunger
a - Flame Tongue          Conj/Fire      ###..        1%          1    None
b - Conjure Flame         Conj/Fire      ###.....     3%          3    ###....
c - Sticky Flame          Conj/Fire      ###.....     11%         4    ####...


Dungeon Overview and Level Annotations

Branches:
Dungeon (5/15)
 Temple: D:4-7

Altars:
Hepliaklqana
Okawaru
Zin

Annotations:
D:5 Menkaure, Sigmund


Innate Abilities, Weirdness & Mutations

You cannot wear most types of armour.
You are amphibious.
You can wear up to eight rings at the same time.
You can use your tentacles to constrict eight enemies at once.
Your skin changes colour to match your surroundings (Stealth+).
Your rubbery body absorbs attacks. (AC +1, EV +1)


Message History

You drop a hunting sling.
Put on which piece of jewellery? (? for menu, Esc to quit)
v - a ring of wizardry (on tentacle)
Casting: Flame Tongue
Confirm with . or Enter, or press ? or * to list all spells.
Okay, then.
Menkaure, Prince of Dust comes into view.
You open the door.
Really walk into a travel-excluded area? [Y]es or [N]o only, please.
Really walk into a travel-excluded area?
There is an open door here.
You are engulfed in freezing vapours.
You resist.
You are engulfed in freezing vapours.
You resist.
You are engulfed in freezing vapours.
You resist.
You are engulfed in freezing vapours.
You resist.
You are engulfed in freezing vapours.
You resist.
* * * LOW HITPOINT WARNING * * *
You are engulfed in freezing vapours.
You resist.
You die...

.. ....#.........#
#.##...#.#######.# #......#.# #.#
.#########..##.# #.#
.............).#######.#
##8'8#################.#
##...§§§§§§§§§§§§§§§§#.##########
####################§#.#......<..
##[((?!..§§§§§§§@§§§§#....#######
.################################
.#.........................(.÷...
.......##########################
............... .#............#
.####.#.#.#.#.# .)...#.#.#.#.#
#...#.#.#.#.#


There were no monsters in sight!

Vanquished Creatures
  An ogre (D:4)
  A phantom (D:5)
  A giant frog (D:3)
  A scorpion (D:4)
  A hound (D:4)
  A centaur skeleton (D:4)
  A giant frog skeleton (D:4)
  A worker ant (D:4)
  11 adders
  2 shadow imps
  An ooze (D:3)
  An adder skeleton (D:4)
  7 worms
  A dart slug (D:1)
  5 orcs (D:5)
  7 giant cockroaches
  14 goblins
  9 hobgoblins
  9 jackals
  9 kobolds
  6 quokkas
  A ball python (D:1)
  6 bats
  9 giant newts
  6 rats
112 creatures vanquished.

Notes
Turn   | Place    | Note
-------+----------+-------------------------------------------
     0 | D:1      | Gagarin the Octopode Fire Elementalist began the quest for the Orb.
     0 | D:1      | Reached XP level 1. HP: 11/11 MP: 3/3
   373 | D:1      | Reached XP level 2. HP: 11/17 MP: 5/5
   667 | D:1      | Reached skill level 3 in Stealth
   980 | D:2      | Reached XP level 3. HP: 21/21 MP: 6/6
   983 | D:2      | Found an iron altar of Okawaru.
  1877 | D:2      | Learned a level 3 spell: Conjure Flame
  1966 | D:2      | Found a hazy altar of Hepliaklqana.
  1967 | D:2      | Reached XP level 4. HP: 7/27 MP: 5/7
  2251 | D:2      | Found Zin's Purification Station.
  2251 | D:2      | Found a glowing silver altar of Zin.
  2257 | D:2      | Bought a potion of curing for 90 gold pieces
  2332 | D:2      | Reached skill level 4 in Stealth
  2758 | D:2      | Reached skill level 1 in Fighting
  2971 | D:3      | Reached XP level 5. HP: 30/33 MP: 8/8
  3040 | D:3      | Learned a level 4 spell: Sticky Flame
  3187 | D:3      | Reached skill level 1 in Maces & Flails
  3442 | D:3      | Reached skill level 5 in Stealth
  3654 | D:3      | Reached XP level 6. HP: 35/38 MP: 5/9
  4608 | D:4      | Reached skill level 6 in Stealth
  4608 | D:4      | Reached XP level 7. HP: 44/44 MP: 0/11
  5354 | D:5      | Entered Level 5 of the Dungeon
  5601 | D:5      | Noticed Sigmund
  5722 | D:5      | Noticed Menkaure
  5762 | D:5      | Engulfed by a cloud of freezing vapour

Vault maps used:
D:1:      evilmike_arrival_run_for_it, serial_corexii_hall,
          corexii_hall_statues_deadend, corexii_hall_statues_x,
          corexii_hall_statues_i, corexii_hall_statues_i
D:2:      marbit_many_paths, old_standard_altar, zin_purify
D:4:      kennysheep_goblin_castle
D:5:      lemuel_ice_spiral_2, first_bread, kennysheep_cluttered_room,
          minmay_misc_feat_roman, minivault_23, minmay_misc_feat_x,
          uniq_menkaure, uniq_sigmund

Skill      XL: |  1  2  3  4  5  6  7 |
---------------+----------------------+-----
Stealth        | 3 4 5 6 |  6.2
Fighting       | 1 2 |  2.0
Maces & Flails | 1 |  1.9
Dodging        | 3 |  3.8
Conjurations   | 2 |  2.4
Fire Magic     | 4 |  4.4
Spellcasting   | 3 |  3.3

Action                   |  1- 3 |  4- 6 |  7- 9 || total
-------------------------+-------+-------+-------++-------
Melee: Whip              |    75 |    95 |    66 ||   236
       Constrict         |    22 |    29 |    13 ||    64
       Tentacles         |     7 |    14 |     8 ||    29
 Cast: Flame Tongue      |    30 |    50 |    14 ||    94
       Conjure Flame     |       |     2 |     1 ||     3
  Use: Scroll            |     1 |     1 |       ||     2
       Potion            |       |     1 |       ||     1
 Stab: Sleeping          |    12 |    12 |     5 ||    29
  Eat: Bread ration      |     1 |       |       ||     1
       Chunk             |     4 |     8 |     4 ||    16
Armor: Skin              |     8 |     6 |     3 ||    17
Dodge: Dodged            |    42 |    90 |    50 ||   182
